 Dungeon Crawl Stone Soup version 0.30-a0-568-g124715a40b (webtiles) character file.

Game seed: 10776629212545974306

175 bande the Covered (level 5, -2/33 HPs)
             Began as a Gargoyle Fighter on Dec 29, 2022.
             Slain by a gnoll
             ... wielding a +0 spear
              (4 damage)
             ... on level 3 of the Dungeon.
             The game lasted 00:02:53 (1708 turns).

bande the Covered (Gargoyle Fighter)                Turns: 1708, Time: 00:02:53

Health: -2/33      AC: 16    Str: 20    XL:     5   Next: 55%
Magic:  5/5        EV:  7    Int:  8    God:
Gold:   151        SH:  4    Dex: 11    Spells: 4/4 levels left

rFire   . . .      SeeInvis .    a - +0 war axe
rCold   . . .      Faith    .    c - +0 buckler
rNeg    + . .      Spirit   .    m - +0 chain mail
rPois   ∞          Reflect  .    (no helmet)
rElec   +          Harm     .    i - +0 cloak
rCorr   .          Rampage  .    (no gloves)
Will    .....                    f - +1 pair of boots Stlth
                                 (no amulet)
HPRegen 0.25/turn                (no ring)
MPRegen 0.09/turn                (no ring)

@: no status effects
A: sickness immunity, AC +4, negative energy resistance 1, electricity
resistance, torment resistance 1, petrification resistance
a: no special abilities


You were on level 3 of the Dungeon.
You visited 1 branch of the dungeon, and saw 3 of its levels.

You collected 151 gold pieces.

Inventory:

Hand Weapons
 a - a +0 war axe (weapon)
Armour
 c - a +0 buckler (worn)
 f - a +1 pair of boots (worn)
 i - a +0 cloak (worn)
 m - a +0 chain mail (worn)
Scrolls
 g - 2 scrolls of fog
Potions
 b - 2 potions of attraction {unknown}
 d - 2 potions of might
 e - a potion of lignification {unknown}
 h - a potion of heal wounds {unknown}
 j - a potion of haste {unknown}
 k - a potion of magic {unknown}
 l - a potion of cancellation {unknown}
 n - 2 potions of curing {unknown}


   Skills:
 + Level 4.0 Fighting
 + Level 3.6 Axes
 + Level 4.1 Armour
 + Level 4.0 Shields


You had 4 spell levels left.
You didn't know any spells.
Your spell library was empty.

Dungeon Overview and Level Annotations

Branches:
Dungeon (3/15)

Altars:


Innate Abilities, Weirdness & Mutations

You are immune to sickness and miasma.
Your stone body is resilient. (AC +4)
You are immune to poison.
You resist negative energy. (rN+)
You are resistant to electric shocks. (rElec)
You are resistant to unholy torment.
You are immune to petrification.


Message History

You are too injured to fight recklessly!
You are too injured to fight recklessly!
You are too injured to fight recklessly!
You are too injured to fight recklessly!
You are too injured to fight recklessly!
Unknown command.
You slash the gnoll!
You kill the gnoll!
You hit the gnoll.
The gnoll hits you but does no damage. x2
Unknown command.
Found a flail.
You block the gnoll's attack.
Things that are here:
a +0 spear; a gnoll corpse An endoplasm comes into view.
The endoplasm quivers.
The gnoll barely misses you. The gnoll hits you but does no damage.
Unknown command.
The gnoll attacks as you move away! The gnoll hits you but does no damage.
You hear the slow rusting of a distant drain.
The gnoll hits you but does no damage. The endoplasm closely misses you.
The gnoll hits you from afar with a +0 spear!
* * * LOW HITPOINT WARNING * * *
You hit the gnoll.
The gnoll is moderately wounded.
You slash the endoplasm!
You kill the endoplasm!
The gnoll hits you but does no damage.
The gnoll hits you from afar with a +0 spear.
* * * LOW HITPOINT WARNING * * *
Unknown command.
You barely miss the gnoll.
The gnoll is moderately wounded.
The gnoll hits you from afar with a +0 spear.
* * * LOW HITPOINT WARNING * * *
The gnoll closely misses you.
Unknown command.
The gnoll hits you but does no damage. The gnoll hits you with a +0 spear.
* * * LOW HITPOINT WARNING * * *
The gnoll hits you with a +0 spear.
You die...

...######.# ..........#
# ..
...#####..####.##.#
#.## #..<..†....#
.[.####.#####.##.###
#.#....# #.##...
#...#### ##.##.#######
#...### ##............
+.....####.).g@g....)..
#.#.#.[......).........
#.#.########.##.######.
#.#.# #...#.# ..#.#
#.<..... # #.#
#....#... #.#
#.#.#####. #.# #.#.# .#
#.#.# #


You could see 2 gnolls.

Vanquished Creatures
  A phantom (D:2)
  An adder (D:2)
  5 gnolls
  3 bats (D:1)
  9 endoplasms
  A giant cockroach (D:2)
  2 goblins
  5 hobgoblins (D:1)
  2 jackals (D:2)
  5 kobolds
  A quokka (D:1)
  2 ball pythons (D:1)
  4 frilled lizards
  3 rats
44 creatures vanquished.

Notes
Turn   | Place    | Note
-------+----------+-------------------------------------------
     0 | D:1      | bande the Gargoyle Fighter began the quest for the Orb.
     0 | D:1      | Reached XP level 1. HP: 14/14 MP: 1/1
   144 | D:1      | Reached XP level 2. HP: 18/19 MP: 2/2
   460 | D:1      | Reached XP level 3. HP: 23/23 MP: 3/3
   790 | D:2      | Reached XP level 4. HP: 9/29 MP: 4/4
  1137 | D:2      | Noticed a phantom
  1160 | D:2      | Found a faded altar of an unknown god.
  1163 | D:2      | Killed a phantom
  1164 | D:2      | Reached XP level 5. HP: 17/33 MP: 5/5
  1708 | D:3      | Slain by a gnoll

Illustrated notes

Levels and vault maps discovered:
D:1:      sevenhm_arrival_forest_fort_small_5, layout_rooms,
          chequers_serial_rivers_large_b
D:2:      layout_rooms, hellmonk_ecumenical_altar_dog_temple
D:3:      layout_loops_ring, lemuel_doored_altar, cheibrodos_sewer_entry_drain,
          uniq_sigmund, uniq_ijyb

Skill      XL: |  1  2  3  4 |
---------------+-------------+-----
Axes           | 2 3 |  3.6
Fighting       | 4 |  4.0
Armour         | 4 |  4.1
Shields        | 4 |  4.0

Action                   |  1- 3 |  4- 6 || total
-------------------------+-------+-------++-------
Melee: War axe           |    89 |    47 ||   136
  Use: Scroll            |     3 |     1 ||     4
Armor: Scale mail        |    42 |       ||    42
       Chain mail        |     8 |    48 ||    56
Dodge: Dodged            |    52 |    25 ||    77
Block: Buckler           |    29 |    17 ||    46

Table legend: (Time is in decaauts)
 A = Elapsed time spent in this place.
 B = Non-inter-level travel time spent in this place.
 C = Inter-level travel time spent in this place.
 D = Time resting spent in this place.
 E = Time spent auto-exploring this place.
 F = Levels seen in this place.
 G = Mean time per level.
                   A        B        C        D        E       F      G
               +--------+--------+--------+--------+--------+-----+--------+
         Total |   1792 |   1792 |      0 |    543 |    848 |   3 |  597.3 |
       Dungeon |   1792 |   1792 |      0 |    543 |    848 |   3 |  597.3 |
               +--------+--------+--------+--------+--------+-----+--------+

Top non-repeatable levels by time:
     D:2: 1082 daAuts
     D:1: 655 daAuts
     D:3: 54 daAuts
